 Dungeon Crawl Stone Soup version 0.31.0-11-ge490571c62 (webtiles) character file.

Game seed: 8537440075005468168

119 Arcadio the Magician (level 5, 0/39 HPs)
             Began as a Djinni Fire Elementalist on Jan 27, 2024.
             Slain by an orc
             ... wielding a +0 hand axe
              (6 damage)
             ... on level 3 of the Dungeon.
             The game lasted 00:02:27 (1900 turns).

Arcadio the Magician (Djinni Fire Elementalist)     Turns: 1900, Time: 00:02:27

Health: 0/39       AC:  2    Str:  7    XL:     5   Next: 24%
Gold:   143        EV: 13    Int: 18    God:
                   SH:  0    Dex: 14

rFire   + + .        n - +1 dagger (vamp)
rCold   x . .        (no shield)
rNeg    . . .        a - +0 robe
rPois   ∞            (no helmet)
rElec   .            (no cloak)
rCorr   .            (no gloves)
SInv    .            (boots unavailable)
Will    .....        (no amulet)
Stlth   ++           (no ring)
HPRegen 0.26/turn    (no ring)
MPRegen 0.00/turn

%: infuse magic (-1 HP)
@: flying
A: sickness immunity, fire resistance 2, cold vulnerability 1, float, innate
caster, HP casting, extra vitality 1
a: no special abilities


You were on level 3 of the Dungeon.
You visited 1 branch of the dungeon, and saw 3 of its levels.

You collected 143 gold pieces.

Inventory:

Hand Weapons
 j - a +0 short sword
 n - a +1 vampiric dagger (weapon)
Armour
 a - a +0 robe (worn)
Jewellery
 f - an amulet of reflection
Scrolls
 d - a scroll of poison {unknown}
 e - 5 scrolls of identify {unknown}
 g - a scroll of acquirement {unknown}
 i - 2 scrolls of immolation {unknown}
 k - a scroll of fear {unknown}
 l - a scroll of noise {unknown}
 m - a scroll of summoning {unknown}
 o - a scroll of enchant armour {unknown}
Potions
 b - 5 potions of curing {unknown}
 c - a potion of degeneration {unknown}
 h - a potion of mutation {unknown}


   Skills:
 + Level 2.3 Fighting
 + Level 3.6 Dodging
 - Level 1.5 Stealth
 + Level 3.7 Spellcasting
 + Level 3.7 Conjurations
 + Level 3.7 Hexes
 + Level 3.7 Summonings
 + Level 3.7 Necromancy
 + Level 3.7 Translocations
 + Level 3.7 Fire Magic
 + Level 3.7 Ice Magic
 + Level 3.7 Air Magic
 + Level 3.7 Earth Magic
 + Level 3.7 Alchemy


You knew the following spells:

 Your Spells              Type           Power      Damage    Failure   Level
a - Foxfire               Conj/Fire      64%        2x1d7     3%          1
b - Scorch                Fire           32%        2d6       4%          2
c - Volatile Blastmotes   Fire/Tloc      32%        2d12      10%         3
d - Inner Flame           Hex/Fire       16%        N/A       10%         3
e - Flame Wave            Conj/Fire      16%        2d7       32%         4
f - Magic Dart            Conj           64%        1d6       3%          1
g - Blink                 Tloc           32%        N/A       4%          2
Your spell library was empty.

Dungeon Overview and Level Annotations

Branches:
Dungeon (3/15)

Altars:

Shops:
D:1 !::


Innate Abilities, Weirdness & Mutations

You are immune to sickness and miasma.
You are immune to poison.
Your flesh is very heat resistant. (rF++)
You are vulnerable to cold. (rC-)
You float through the air rather than walking.
You learn spells naturally, not from books.
Your magical power is your life essence.
You have superior vitality. (+4 MHP)


Message History

You kill the orc priest!
The orc barely misses you.
You have reached level 5!
The power to cast Blink wells up from within.
Spell assigned to 'g'.
The orc throws a boomerang.
The boomerang completely misses you.
Your magical contamination has completely faded away.
Casting: Scorch (safe; 4% risk of failure)
Confirm with . or Enter, or press ? or * to list all spells.
Flames lash the orc.
The orc is almost dead.
The orc's fire resistance burns away.
Casting: Scorch (safe; 4% risk of failure)
Confirm with . or Enter, or press ? or * to list all spells.
Flames lash the orc.
The orc is burned terribly!
You kill the orc!
Something hits you.
Casting: Scorch (safe; 4% risk of failure)
Confirm with . or Enter, or press ? or * to list all spells.
Flames lash something but do no damage.
Casting: Scorch (safe; 4% risk of failure)
Confirm with . or Enter, or press ? or * to list all spells.
Flames lash something.
You hear some strange, mumbled words.
A magic dart appears from out of thin air!
The magic dart hits you. The orc misses you.
Casting: Scorch (safe; 4% risk of failure)
Confirm with . or Enter, or press ? or * to list all spells.
Flames lash the orc.
The orc is heavily wounded.
The orc's fire resistance burns away.
Something hits you. The orc barely misses you.
Casting: Scorch (safe; 4% risk of failure)
Confirm with . or Enter, or press ? or * to list all spells.
Flames lash something.
Reactivating autopickup.
You feel a bit more experienced.
* * * LOW HITPOINT WARNING * * *
The orc hits you with a +0 hand axe.
You die...

## .. .#
###########.)#
.........o..#
######o###....#
# ##>..# ##...
#...##.o##### #
#....)@...#
.....######.#
#### #.# #.##
#..######
##......#######
######...>...#
#######..
######


You could see an orc (combustible).

Vanquished Creatures
  An orc priest (D:3)
  An orc wizard (D:3)
  2 adders (D:2)
  4 dart slugs
  A ribbon worm (D:2)
  An orc (D:3)
  2 bats
  5 endoplasms
  3 giant cockroaches
  5 goblins
  A hobgoblin (D:2)
  11 jackals (D:1)
  4 quokkas
  5 ball pythons
  A frilled lizard (D:2)
  6 kobolds
  6 rats
59 creatures vanquished.

Vanquished Creatures (others)
  7 foxfires (D:1)
7 creatures vanquished.

Grand Total: 66 creatures vanquished

Notes
Turn   | Place    | Note
-------+----------+-------------------------------------------
     0 | D:1      | Arcadio the Djinni Fire Elementalist began the quest for
                  | the Orb.
     0 | D:1      | Arcadio set off with the following spells memorised:
                  | Foxfire, Scorch, Volatile Blastmotes, Inner Flame, Flame
                  | Wave.
     0 | D:1      | Reached XP level 1. HP: 15/15 MP: 0/0
    37 | D:1      | Found Aqujitz's Distillery.
    43 | D:1      | Reached XP level 2. HP: 18/22 MP: 0/0
   156 | D:1      | Reached skill level 1 in Fighting
   199 | D:1      | Reached XP level 3. HP: 10/27 MP: 0/0
   199 | D:1      | Learned a level 1 spell: Magic Dart
   237 | D:1      | Found Kenworiz's Book Shop.
   340 | D:1      | Found Gitzixt's Book Emporium.
   756 | D:1      | Found a faded altar of an unknown god.
   941 | D:2      | Reached XP level 4. HP: 28/32 MP: 0/0
  1888 | D:3      | Reached XP level 5. HP: 22/38 MP: 0/0
  1888 | D:3      | Learned a level 2 spell: Blink
  1900 | D:3      | Slain by an orc

Illustrated notes

Levels and vault maps discovered:
D:1:      minmay_arrival_hallway, layout_rooms, serial_shops,
          nicolae_shop_advertising_works [nicolae_subvault_shop_adworks],
          nicolae_book_shop_shelving,
          nicolae_shop_temple_entry_statues_fountains,
          hellmonk_ecumenical_altar_dog_temple, serial_bayou_lake_a
D:2:      layout_basic
D:3:      minmay_general_purpose_star, layout_rooms, kennysheep_crisscross,
          nicolae_concentric_dashed_squares_mild

Skill      XL: |  1  2  3  4 |
---------------+-------------+-----
Fighting       | 1 2 |  2.3
Dodging        | 3 |  3.6
Stealth        | |  1.5
Spellcasting   | |  3.7
Conjurations   | |  3.7
Hexes          | |  3.7
Summonings     | |  3.7
Necromancy     | |  3.7
Translocations | |  3.7
Fire Magic     | |  3.7
Ice Magic      | |  3.7
Air Magic      | |  3.7
Earth Magic    | |  3.7
Alchemy        | |  3.7

Action                     |  1- 3 |  4- 6 || total
---------------------------+-------+-------++-------
  Melee: Short sword       |     4 |     1 ||     5
         Dagger            |       |    13 ||    13
   Cast: Foxfire           |     5 |       ||     5
         Scorch            |    39 |    28 ||    67
 Armour: Robe              |     8 |    14 ||    22
  Dodge: Dodged            |    10 |    18 ||    28
